 Dungeon Sprint DCSS version 0.21.1-1-g345015f (webtiles) character file.

4034 Fang the Fighter (level 10, -9/104 HPs)
             Began as a Minotaur Berserker on June 8, 2018.
             Was a High Priest of Trog.
             Mangled by a jumping spider (11 damage)
             ... in the Dungeon (Sprint V: "Ziggurat Sprint").
             The game lasted 00:02:21 (341 turns).

Fang the Fighter (Minotaur Berserker)                Turns: 341, Time: 00:02:21

Health: -9/104     AC:  8    Str: 31    XL:     10   Next: 4%
Magic:  9/9        EV: 14    Int:  4    God:    Trog [*****.]
Gold:   0          SH:  0    Dex: 10    Spells: 9/9 levels left

rFire    . . .     SeeInvis .   l - +5 demon trident
rCold    . . .     Gourm    .   (no shield)
rNeg     . . .     Faith    .   A - +2 ring mail {MR+}
rPois    .         Spirit   .   (helmet restricted)
rElec    .         Reflect  .   (no cloak)
rCorr    .         Harm     .   (no gloves)
MR       +....     NoTele   +   (no boots)
Stlth    ..........             (no amulet)
HPRegen  0.27/turn              G - ring of flight
MPRegen  0.11/turn              F - +6 ring of strength

@: confused, berserk cooldown, slowed, very slow
A: retaliatory headbutt, horns 2
a: Berserk, Trog's Hand, Brothers in Arms, Burn Spellbooks, Renounce Religion,
Evoke Flight


You were in the Dungeon.
You worshipped Trog.
Trog was extremely pleased with you.
You were hungry.

You visited 1 branch

Inventory:

Hand Weapons
 k - a +5 executioner's axe
 l - a +5 demon trident (weapon)
Armour
 A - a +2 ring mail of magic resistance (worn)
Jewellery
 F - a +6 ring of strength (right hand)
 G - a ring of flight (left hand)
Wands
 x - a wand of disintegration (7)
 y - a wand of iceblast (7)
 z - a wand of acid (7)
Scrolls
 i - 4 scrolls of blinking
 m - 7 scrolls of fog
 n - a scroll of holy word
 o - 5 scrolls of identify
 p - 5 scrolls of remove curse
 q - 2 scrolls of fear
Potions
 d - 10 potions of curing
 e - 10 potions of heal wounds
 f - 6 potions of haste
 g - 7 potions of magic
 h - 3 potions of berserk rage
 r - 2 potions of brilliance
 s - 2 potions of invisibility
 t - 4 potions of resistance
 v - 6 potions of agility
 w - 5 potions of might
Miscellaneous
 a - a lamp of fire
 j - a lamp of fire
Comestibles
 b - 4 chunks of flesh
 c - 7 rations


   Skills:
 + Level 14.5 Fighting
 + Level 14.0(15.1) Axes
 + Level 10.1(13.3) Polearms
 + Level 8.2 Armour
 + Level 8.0 Dodging
 + Level 2.5 Stealth


You had 9 spell levels left.
You didn't know any spells.

Dungeon Overview and Level Annotations

Branches:
Dungeon (1/1)

Altars:
Ashenzari
Cheibriados
Dithmenos
Elyvilon
Fedhas
Gozag
Hepliaklqana
Kikubaaqudgha
Makhleb
Nemelex Xobeh
Okawaru
Qazlal
Ru
Sif Muna
Trog
Uskayaw
Vehumet
Wu Jian
Xom
Yredelemnul
Zin
The Shining One
Beogh
Jiyva
Lugonu

Annotations:
D 1 transporter


Innate Abilities, Weirdness & Mutations

You reflexively headbutt those who attack you in melee.
You have a pair of horns on your head.


Message History

The jumping spider barely misses you.
The jumping spider bites you but does no damage.
The scorpion closely misses you.
You barely miss the jumping spider.
The jumping spider is severely wounded.
The tarantella completely misses you. The jumping spider pounces on you!
* * * LOW HITPOINT WARNING * * *
The jumping spider misses you. The tarantella closely misses you.
The scorpion barely misses you.
You feel more experienced!
Your base Axes skill increases to level 14!
Your base Polearms skill increases to level 10!
Your Dodging skill increases to level 8!
Your Stealth skill gained 2 levels and is now at level 2!
You have reached level 10!
The tarantella bites you.
* * * LOW HITPOINT WARNING * * *
You are more confused.
The jumping spider pounces on you!
You die...

▓..©..▓..©..▓▓▓▓▓▓▓
▓▓▓▓▓▓▓▓▓▓▓▓▓▓▓▓▓▓▓
▓..8©8...▓..8©8...▓
▓..|.[...▓..))=...▓
▓........▓..).:...▓
▓........▓........▓
▓........▓........▓
▓..)))...▓.▓ss..▓.▓
▓...©....▓.s@s....▓
▓▓▓▓▓▓▓▓▓▓▓▓▓▓▓▓▓▓▓


You could see 2 jumping spiders, a tarantella and a scorpion.

Vanquished Creatures
  4 draconians (D)
  A slime creature (D)
  An eye of draining (D)
  A phantom (D)
  A necrophage (D)
  A scorpion (D)
  A wight (D)
  2 jellies (D)
  A bat skeleton (D)
  A ball python zombie (D)
14 creatures vanquished.

Notes
Turn   | Place    | Note
-------+----------+-------------------------------------------
     0 | D        | Found the +6 Majin-Bo {vamp, Archmagi MP+6 Int+6}
     0 | D        | Found the +7 great mace "Firestarter" {inner flame, rF++}
     0 | D        | Fang the Minotaur Berserker began the quest for the Orb.
     0 | D        | Reached XP level 1. HP: 19/19 MP: 0/0
     3 | D        | Found a blossoming altar of Fedhas.
     4 | D        | Found a viscous altar of Jiyva.
     4 | D        | Found a hazy altar of Hepliaklqana.
     4 | D        | Found a transporter.
     4 | D        | Found an opulent altar of Gozag.
     4 | D        | Found an ancient bone altar of Kikubaaqudgha.
     4 | D        | Found a corrupted altar of Lugonu.
    18 | D        | Found a burning altar of Makhleb.
    19 | D        | Found a stormy altar of Qazlal.
    19 | D        | Found a sacrificial altar of Ru.
    19 | D        | Found an iron altar of Okawaru.
    19 | D        | Found a deep blue altar of Sif Muna.
    19 | D        | Found a sparkling altar of Nemelex Xobeh.
    19 | D        | Found a bloodstained altar of Trog.
    81 | D        | Entered arena 2.
    81 | D        | Noticed a wight
    81 | D        | Found a transporter.
    84 | D        | Killed a wight
    84 | D        | Reached XP level 2. HP: 30/30 MP: 1/1
    84 | D        | Reached XP level 3. HP: 37/37 MP: 2/2
   118 | D        | Entered arena 3.
   118 | D        | Noticed a necrophage
   118 | D        | Noticed a phantom
   118 | D        | Found a transporter.
   119 | D        | Reached ** piety under Trog
   122 | D        | Killed a necrophage
   122 | D        | Reached XP level 4. HP: 48/48 MP: 3/3
   125 | D        | Killed a phantom
   125 | D        | Reached skill level 1 in Polearms
   125 | D        | Reached skill level 5 in Armour
   125 | D        | Reached XP level 5. HP: 57/57 MP: 4/4
   176 | D        | Entered arena 4.
   176 | D        | Noticed a slime creature
   176 | D        | Noticed an eye of draining
   176 | D        | Found a transporter.
   182 | D        | Killed a slime creature
   182 | D        | Reached *** piety under Trog
   182 | D        | Reached skill level 10 in Axes
   182 | D        | Reached skill level 5 in Dodging
   182 | D        | Reached XP level 6. HP: 68/68 MP: 2/5
   186 | D        | Reached XP level 7. HP: 74/74 MP: 2/6
   227 | D        | Entered arena 5.
   227 | D        | Noticed a draconian
   227 | D        | Noticed a draconian
   227 | D        | Noticed a draconian
   227 | D        | Noticed a draconian
   227 | D        | Found a transporter.
   233 | D        | Killed a draconian
   233 | D        | Reached **** piety under Trog
   240 | D        | Killed a draconian
   240 | D        | Reached XP level 8. HP: 86/86 MP: 7/7
   245 | D        | Killed a draconian
   249 | D        | Killed a draconian
   249 | D        | Reached XP level 9. HP: 95/95 MP: 8/8
   300 | D        | Reached ***** piety under Trog
   324 | D        | Entered arena 6.
   324 | D        | Noticed a jumping spider
   324 | D        | Noticed a jumping spider
   324 | D        | Found a transporter.
   325 | D        | Found the +8 demon blade "Leech" {vamp, rN+ AC-3 EV-3}
   325 | D        | Found the ring of Robustness {AC+8}
   340 | D        | HP: 2/95 [jumping spider (14)]
   341 | D        | Reached skill level 10 in Polearms
   341 | D        | Reached XP level 10. HP: 2/104 MP: 9/9
   341 | D        | Mangled by a jumping spider

Skill      XL: |  1  2  3  4  5  6  7  8  9 |
---------------+----------------------------+-----
Fighting       | 6 8 9 11 13 14 | 14.5
Axes           | 6 8 9 10 11 12 13 14 | 14.0
Armour         | 3 4 5 6 7 8 |  8.2
Dodging        | 3 4 5 6 7 8 |  8.0
Polearms       | 1 3 4 7 9 10 | 10.1
Stealth        | 2 |  2.5

Action                   |  1- 3 |  4- 6 |  7- 9 | 10-12 || total
-------------------------+-------+-------+-------+-------++-------
Melee: Demon trident     |     6 |    11 |    28 |       ||    45
       Headbutt          |     1 |     1 |     3 |       ||     5
Invok: Berserk           |     2 |     1 |     2 |       ||     5
       Burn Spellbooks   |       |       |     1 |       ||     1
  Use: Potion            |       |       |     1 |       ||     1
  Eat: Chunk             |       |       |     2 |       ||     2
Armor: Shadow dragon sca |     2 |     3 |    10 |       ||    15
       Ring mail         |       |       |    13 |       ||    13
Dodge: Dodged            |     1 |     1 |    32 |       ||    34
